 Dungeon Crawl Stone Soup version 0.24-a0-736-g4e6fe308c7 (webtiles) character file.

Game seed: 593599170416077665, levelgen mode: deterministic

5 DasRunzen the Grave Robber (level 1, 0/7 HPs)
             Began as a Felid Necromancer on Oct 2, 2019.
             Slain by a hobgoblin (5 damage)
             ... on level 1 of the Dungeon.
             The game lasted 00:00:28 (550 turns).

DasRunzen the Grave Robber (Felid Necromancer)       Turns: 550, Time: 00:00:29

Health: 0/7        AC:  1    Str:  4    XL:     1   Next: 66%
Magic:  4/4        EV: 18    Int: 16    God:
Gold:   64         SH:  0    Dex: 16    Spells: 3/4 levels left
                                        Lives:  0   Deaths: 0

rFire    . . .     SeeInvis +   (weapon unavailable)
rCold    . . .     Gourm    .   (shield unavailable)
rNeg     . . .     Faith    .   (armour unavailable)
rPois    .         Spirit   .   (helmet unavailable)
rElec    .         Reflect  .   (cloak unavailable)
rCorr    .         Harm     .   (gloves unavailable)
MR       .....                  (boots unavailable)
Stlth    +++.......             (no amulet)
HPRegen  0.02/turn              (no ring)
MPRegen  0.09/turn              (no ring)

@: quick
A: very small, no armour, no weapons or thrown items, stealth, claws 1, fangs 3,
see invisible, carnivore, speed 1, shaggy fur 1, slow metabolism 1, sharp paws
a: no special abilities


You were on level 1 of the Dungeon.
You were not hungry.

You visited 1 branch of the dungeon, and saw 1 of its levels.

You collected 64 gold pieces.

Inventory:

Jewellery
 a - an uncursed amulet of magic regeneration {unknown}
 c - an uncursed ring of protection from cold {unknown}
Scrolls
 e - a scroll of blinking {unknown}
 f - 2 scrolls of identify {unknown}
 i - a scroll of amnesia {unknown}
Potions
 d - a potion of mutation {unknown}
 g - a potion of lignification {unknown}
 h - a potion of curing {unknown}
 j - a potion of haste {unknown}
Comestibles
 b - 3 rations


   Skills:
 + Level 2.9 Dodging
 + Level 2.9 Stealth
 + Level 2.1 Spellcasting
 + Level 4.0 Necromancy


You had 3 spell levels left.
You knew the following spells:

 Your Spells              Type           Power        Failure   Level  Hunger
a - Pain                  Necr           ##..         3%          1    #......

Your spell library contained the following spells:

 Spells                   Type           Power        Failure   Level  Hunger
 Animate Skeleton         Necr           N/A          3%          1    #......
 Vampiric Draining        Necr           ##........   12%         3    ###....
 Regeneration             Chrm/Necr      #.........   26%         3    ###....
 Animate Dead             Necr           N/A          36%         4    #####..


Dungeon Overview and Level Annotations

Branches:
Dungeon (1/15)

Altars:


Innate Abilities, Weirdness & Mutations

You cannot wear armour.
You are incapable of wielding weapons or throwing items.
Your paws allow you to move quietly. (Stealth)
You have sharp claws.
You have razor-sharp teeth.
You have supernaturally acute eyesight. (SInv)
You are carnivorous and can eat meat at any time.
You cover ground quickly.
You are covered in fur. (AC +1)
You have a slow metabolism.
Your sharp claws are effective at attacking unaware monsters.


Message History

No target in view!
You see here a hobgoblin corpse.
b - 3 rations (gained 1)
j - a white potion
Found a dagger.
A hobgoblin comes into view.
You see here a scroll labeled JOH OCOIH HIA.
A hobgoblin is nearby!
The hobgoblin closely misses you.
You scratch the hobgoblin but do no damage.
The hobgoblin barely misses you.
You scratch the hobgoblin but do no damage.
The hobgoblin completely misses you.
You scratch the hobgoblin but do no damage.
The hobgoblin hits you.
You scratch the hobgoblin but do no damage.
The hobgoblin misses you.
You completely miss the hobgoblin. The hobgoblin hits you.
Ouch! That really hurt!
You die...

≈§≈ §§.#..#..# #.# #≈§
≈≈≈#§≈≈#..#..# #.# ##§
≈≈≈#§§§#..#..# #.#
.#≈≈≈#§≈≈#§§§#..#..# #.#
.#§§≈#≈≈≈#≈§≈#..#.)# #.#
P#≈≈§#≈§§#≈≈≈#..#..# #.#
##...#.§§#...#..#..# #.#
##...#...#...#..#..# #.#
##...#...##'##..@g.# #.#
.#...#..###..#..#.## #.#
.#...##'#....#?.#.######.########
###'##......##.........#.........
..........####..######.########.#
......#####.......#..............
.###### #.#...#.#.##.########..
## # #.#.#.#.##.# #..
#...#......# #..


You could see a hobgoblin.

Vanquished Creatures
  A goblin (D:1)
  A hobgoblin (D:1)
  A bat (D:1)
  A frilled lizard (D:1)
  2 rats (D:1)
6 creatures vanquished.

Notes
Turn   | Place    | Note
-------+----------+-------------------------------------------
     0 | D:1      | DasRunzen the Felid Necromancer began the quest for the
                  | Orb.
     0 | D:1      | Reached XP level 1. HP: 7/7 MP: 4/4
   550 | D:1      | Slain by a hobgoblin

Levels and vault maps discovered:
D:1:      dpeg_arrival_water_fire, layout_basic

Action                   || total
-------------------------++-------
Melee: Unarmed           ||    21
       Bite              ||     3
 Stab: Sleeping          ||     3
Dodge: Dodged            ||    19

Table legend:
 A = Non-vault XP
 B = Vault XP
 C = Vault XP percentage of total XP
 D = Non-vault monster count
 E = Vault monster count
 F = Vault count percentage of total count
                 A         B        C        D         E       F
            +---------+---------+-------+---------+---------+-------
      Total |       8 |       0 |   0.0 |       6 |       0 |   0.0
            +---------+---------+-------+---------+---------+-------
        D:1 |       8 |       0 |   0.0 |       6 |       0 |   0.0
            +---------+---------+-------+---------+---------+-------
